 Dungeon Crawl Stone Soup version 0.21-a0-142-gdd972a7 (webtiles) character file.

548 grindst0ne the Firebug (level 7, 0/50 HPs)
             Began as a Hill Orc Fire Elementalist on July 22, 2017.
             Succumbed to grindst0ne's ghost's poison
             ... on level 5 of the Dungeon.
             The game lasted 00:18:24 (4494 turns).

grindst0ne the Firebug (Hill Orc Fire Elementalist) Turns: 4494, Time: 00:18:24

Health: 0/50       AC:  5    Str: 18    XL:     7   Next: 28%
Magic:  10/10      EV: 12    Int: 19    God:
Gold:   167        SH:  0    Dex: 11    Spells: 5/10 levels left

rFire    + . .     SeeInvis .   q - +0 falchion (vamp)
rCold    + . .     Gourm    .   (no shield)
rNeg     . . .     Faith    .   a - +1 robe
rPois    +         Spirit   .   o - +2 hat
rElec    +         Reflect  .   (no cloak)
rCorr    +         Harm     .   (no gloves)
MR       .....     Clarity  +   (no boots)
Stlth    ..........             h - amulet of magic regeneration
HPRegen  0.16/turn              m - ring of loudness
MPRegen  0.37/turn              n - ring of flight

@: mighty, lethally poisoned (0 -> -4), resistant
A: hooves 1, clarity, clever 1, sense surroundings 1, strong 1
a: Evoke Flight


You were on level 5 of the Dungeon.
You were hungry.

You visited 1 branch of the dungeon, and saw 5 of its levels.
You also visited: Ossuary.

You collected 167 gold pieces.

Inventory:

Hand Weapons
 q - a +0 vampiric falchion (weapon)
Missiles
 A - a throwing net (quivered)
Armour
 a - a +1 robe (worn)
 o - a +2 hat (worn)
Jewellery
 h - an amulet of magic regeneration (around neck)
 m - a ring of loudness (left hand)
 n - a ring of flight (right hand)
Wands
 j - a wand of iceblast (0/15)
 w - a wand of polymorph (12/24)
 y - a wand of flame (21/48)
Scrolls
 i - a scroll of enchant armour
Potions
 e - 2 potions of flight
 l - 4 potions of brilliance
 s - a potion of magic
Books
 b - a book of Flames

   Spells                             Type                      Level
   a - Flame Tongue                   Conjuration/Fire             1
   b - Throw Flame                    Conjuration/Fire             2
   c - Conjure Flame                  Conjuration/Fire             3
   d - Inner Flame                    Hexes/Fire                   3
   e - Sticky Flame                   Conjuration/Fire             4
   f - Fireball                       Conjuration/Fire             5
 d - a book of Misfortune

   Spells                             Type                      Level
   a - Confusing Touch                Hexes                        1
   b - Confuse                        Hexes                        3
   c - Gell's Gravitas                Translocation                3
   d - Petrify                        Transmutation/Earth          4
   e - Metabolic Englaciation         Hexes/Ice                    5
   f - Yara's Violent Unravelling     Hexes/Transmutation          5
 k - a book of Cantrips

   Spells                             Type                      Level
   a - Confusing Touch                Hexes                        1
   b - Animate Skeleton               Necromancy                   1
   c - Summon Small Mammal            Summoning                    1
   d - Apportation                    Translocation                1
Comestibles
 c - 2 bread rations
 f - 3 meat rations
 r - 2 chunks of flesh


   Skills:
 - Level 1.5 Dodging
 - Level 1.5 Stealth
 + Level 2.1 Spellcasting
 + Level 4.8 Conjurations
 + Level 2.0 Necromancy
 + Level 6.2 Fire Magic


You had 5 spell levels left.
You knew the following spells:

 Your Spells              Type           Power        Failure   Level  Hunger
a - Flame Tongue          Conj/Fire      ###..        1%          1    #......
b - Conjure Flame         Conj/Fire      ###.....     4%          3    ###....
c - Animate Skeleton      Necr           N/A          8%          1    #......


Dungeon Overview and Level Annotations

Branches:
Dungeon (5/15)
 Temple: D:4-7

Altars:


Innate Abilities, Weirdness & Mutations

You have large cloven feet.
You possess an exceptional clarity of mind.
Your mind is acute. (Int +2)
You passively map a small area around you.
Your muscles are strong. (Str +2)


Message History

Your feet thicken and deform.
You feel stronger.
You feel a strange attunement to the structure of the dungeons.
* * * LOW HITPOINT WARNING * * *
You feel sick.
* * * LOW HITPOINT WARNING * * *
You feel sick.
* * * LOW HITPOINT WARNING * * *
You feel sick.
* * * LOW HITPOINT WARNING * * *
You feel sick.
There is an open door here.
* * * LOW HITPOINT WARNING * * *
You feel sick.
* * * LOW HITPOINT WARNING * * *
You feel sick.
* * * LOW HITPOINT WARNING * * *
You feel sick.
* * * LOW HITPOINT WARNING * * *
You feel sick.
You die...

, ,* , * * * *
#.###########
#.....@.....##
#########....########.
#.............
#....#'#...#.,
#....#.# ,.# ,
#..###.###,
#..+.....+,* *
##.###.### , #...#.#
,.#*,


There were no monsters in sight!

Vanquished Creatures
  2 centaurs (D:3)
  An iguana (D:4)
  Natasha (thrice) (D:4)
  7 mummies
  10 adders
  An ooze (D:3)
  2 dart slugs (D:1)
  A leopard gecko (D:1)
  3 orcs (D:3)
  A ball python (D:1)
  9 giant cockroaches
  2 gnoll zombies (Ossuary)
  6 goblins
  6 hobgoblins
  7 jackals
  6 kobolds
  2 quokkas
  13 bats
  4 frilled lizards
  A hobgoblin zombie (D:4)
  2 kobold zombies (Ossuary)
  7 orc zombies
  13 rats
109 creatures vanquished.

Notes
Turn   | Place    | Note
-------+----------+-------------------------------------------
     0 | D:1      | grindst0ne the Hill Orc Fire Elementalist began the quest for the Orb.
     0 | D:1      | Reached XP level 1. HP: 14/14 MP: 3/3
   413 | D:1      | Reached XP level 2. HP: 20/20 MP: 2/4
   553 | D:1      | Reached skill level 4 in Fire Magic
   676 | D:1      | Reached XP level 3. HP: 26/26 MP: 3/5
  1153 | D:1      | Reached XP level 4. HP: 22/33 MP: 0/6
  1532 | D:2      | Learned a level 3 spell: Conjure Flame
  1558 | D:2      | Reached XP level 5. HP: 35/38 MP: 3/7
  1570 | D:2      | Reached skill level 5 in Fire Magic
  2146 | D:3      | Noticed a centaur
  2153 | D:3      | Gained mutation: Scrolls take you a little longer to read. [potion of mutation]
  2153 | D:3      | Gained mutation: You are robust. (+10% HP) [potion of mutation]
  2153 | D:3      | Gained mutation: You are partially covered in large bone plates. (SH +4) [potion of mutation]
  2160 | D:3      | Killed a centaur
  2160 | D:3      | Reached XP level 6. HP: 8/49 MP: 4/8
  2526 | D:3      | Learned a level 1 spell: Animate Skeleton
  3431 | D:4      | Reached skill level 1 in Necromancy
  3758 | D:4      | Noticed Natasha
  3766 | D:4      | Killed Natasha
  3766 | D:4      | Reached skill level 6 in Fire Magic
  3985 | D:4      | Noticed Natasha
  3995 | D:4      | Killed Natasha
  4070 | D:4      | Noticed Natasha
  4072 | D:4      | Killed Natasha
  4072 | D:4      | Reached XP level 7. HP: 55/55 MP: 6/10
  4393 | D:5      | Entered Level 5 of the Dungeon
  4412 | D:5      | Found a sand-covered staircase.
  4423 | Ossuary  | Entered an ossuary
  4440 | Ossuary  | Noticed grindst0ne's ghost (novice HOFE)
  4481 | D:5      | Lost mutation: Scrolls take you a little longer to read. [potion of mutation]
  4481 | D:5      | Lost mutation: You are robust. (+10% HP) [potion of mutation]
  4481 | D:5      | Lost mutation: You are partially covered in large bone plates. (SH +4) [potion of mutation]
  4481 | D:5      | Gained mutation: You are somewhat resistant to further mutation. [potion of mutation]
  4482 | D:5      | Lost mutation: You are somewhat resistant to further mutation. [potion of mutation]
  4482 | D:5      | Gained mutation: You can translocate small distances at will. [potion of mutation]
  4482 | D:5      | Gained mutation: You occasionally shout uncontrollably at your foes. [potion of mutation]
  4482 | D:5      | Gained mutation: You possess an exceptional clarity of mind. [potion of mutation]
  4483 | D:5      | Lost mutation: You can translocate small distances at will. [potion of mutation]
  4483 | D:5      | Lost mutation: You occasionally shout uncontrollably at your foes. [potion of mutation]
  4483 | D:5      | Gained mutation: Your mind is acute. (Int +2) [potion of mutation]
  4483 | D:5      | Gained mutation: You have large cloven feet. [potion of mutation]
  4483 | D:5      | Gained mutation: Your muscles are strong. (Str +2) [potion of mutation]
  4483 | D:5      | Gained mutation: You passively map a small area around you. [potion of mutation]
  4488 | D:5      | HP: 2/50 [poisoned by grindst0ne's ghost]
  4494 | D:5      | Succumbed to grindst0ne's ghost's poison

Vault maps used:
D:1:      onia_arrival_larder
D:2:      first_bread
D:4:      dk_noncrumbling_3, minmay_mini_ossuary, uniq_natasha
D:5:      minmay_temple_entry_poolview, nicolae_ossuary_entry_plus
Ossuary:  ossuary_tomb_3

Skill      XL: |  1  2  3  4  5  6  7 |
---------------+----------------------+-----
Fire Magic     | 4 5 6 |  6.2
Conjurations   | 2 3 4 |  4.8
Necromancy     | 1 2 |  2.0
Spellcasting   | 2 |  2.1
Dodging        | |  1.5
Stealth        | |  1.5

Action                   |  1- 3 |  4- 6 |  7- 9 || total
-------------------------+-------+-------+-------++-------
Melee: Unarmed           |    19 |     5 |       ||    24
       Whip              |       |     2 |       ||     2
       Falchion          |       |     2 |     2 ||     4
 Cast: Flame Tongue      |    49 |   114 |    40 ||   203
Evoke: Wand              |       |       |     7 ||     7
  Use: Scroll            |       |     2 |     8 ||    10
       Potion            |       |     3 |     7 ||    10
  Eat: Chunk             |     2 |    12 |     1 ||    15
       Bread ration      |       |     1 |       ||     1
Armor: Robe              |     8 |     8 |     7 ||    23
       Skin              |       |     1 |       ||     1
Dodge: Dodged            |    27 |    37 |    12 ||    76
Block: Other             |       |     6 |     5 ||    11
       Rpst.: Falchion   |       |     3 |     3 ||     6
